 Dungeon Crawl Stone Soup version 0.30-a0-739-gea05faddec (webtiles) character file.

Game seed: 14773033232122074226

6919 holysushi the Destroyer (level 11, -6/69 HPs)
             Began as an Octopode Conjurer on Feb 5, 2023.
             Was an Initiate of Gozag.
             Succumbed to Sonja's poison
             ... on level 9 of the Dungeon.
             The game lasted 00:29:38 (15312 turns).

holysushi the Destroyer (Octopode Conjurer)        Turns: 15312, Time: 00:29:38

Health: -6/69      AC:  3    Str:  7    XL:     11   Next: 7%
Magic:  12/21      EV: 15    Int: 28    God:    Gozag
Gold:   801        SH:  4    Dex: 10    Spells: 14/24 levels left

rFire   . . .      SeeInvis .    v - +0 short sword (speed)
rCold   . . .      Faith    .    w - +0 buckler
rNeg    . . .      Spirit   .    m - +2 hat {Int+3}
rPois   .          Reflect  .    (no amulet)
rElec   .          Harm     .    (no ring)
rCorr   .          Rampage  .    (no ring)
Will    .....                    (no ring)
Stlth   +++                      (no ring)
HPRegen 0.31/turn                (no ring)
MPRegen 0.17/turn                (no ring)
                                 (no ring)
                                 (no ring)

@: lethally poisoned (-6 -> -40)
A: almost no armour, amphibious, 8 rings, camouflage 1, gelatinous body 1,
(nimble swimmer 1), tentacles, beak, tentacle spike 2, inability to read after
injury 1
a: Renounce Religion, Potion Petition, Call Merchant, Bribe Branch


You were on level 9 of the Dungeon.
You worshipped Gozag.
Gozag was pleased with you.
You visited 2 branches of the dungeon, and saw 11 of its levels.
You also visited: Ossuary.

You collected 921 gold pieces.
You paid 120 gold pieces to Gozag.

Inventory:

Hand Weapons
 f - a +0 short sword
 h - a +0 quarterstaff of speed
 v - a +0 short sword of speed (weapon)
Armour
 m - a +2 hat of intelligence (worn)
 w - a +0 buckler (worn)
Jewellery
 q - a ring of fire
 x - a ring of positive energy
Wands
 c - a wand of polymorph (5)
 u - a wand of flame (16)
 z - a wand of roots (5)
Scrolls
 e - 5 scrolls of amnesia
 i - 3 scrolls of vulnerability
 j - 6 scrolls of identify
 l - 3 scrolls of magic mapping
 t - a scroll of enchant armour
 y - a scroll of teleportation
Potions
 a - 5 potions of magic
 b - 2 potions of curing
 d - 4 potions of ambrosia
 g - a potion of flight
 k - a potion of haste
 n - 3 potions of attraction
 o - 2 potions of lignification
 p - a potion of mutation
 r - a potion of might {unknown}
 s - 2 potions of degeneration {unknown}
 B - a potion of brilliance {unknown}


   Skills:
 - Level 4.0 Fighting
 - Level 10.0 Dodging
 + Level 4.1 Stealth
 - Level 3.0 Shields
 + Level 7.1 Spellcasting
 + Level 10.1 Conjurations
 - Level 1.0 Hexes
 - Level 3.0 Evocations


You had 14 spell levels left.
You knew the following spells:

 Your Spells              Type           Power      Damage    Failure   Level
a - Magic Dart            Conj           100%       1d8       1%          1
b - Searing Ray           Conj           100%       2d8       1%          2
c - Dazzling Flash        Conj/Hex       82%        N/A       2%          3
d - Fulminant Prism       Conj/Hex       20%        3d12      7%          4

Your spell library contained the following spells:

 Spells                   Type           Power      Damage    Failure   Level
 Static Discharge         Conj/Air       76%        2-6/arc   1%          2
 Iskenderun's Mystic Bla  Conj/Tloc      38%        2d9       9%          4
 Sublimation of Blood     Necr           9%         N/A       11%         2
 Inner Flame              Hex/Fire       12%        N/A       17%         3
 Frozen Ramparts          Ice            18%        1d3       22%         3
 Gell's Gravitas          Tloc           9%         N/A       22%         3
 Ozocubu's Armour         Ice            9%         N/A       22%         3
 Teleport Other           Tloc           9%         N/A       22%         3
 Vhi's Electric Charge    Tloc/Air       18%        N/A       22%         3
 Arcjolt                  Conj/Air       19%        1d29      24%         5
 Irradiate                Conj/Tmut      19%        3d18      24%         5
 Lightning Bolt           Conj/Air       19%        1d33      24%         5
 Cause Fear               Hex            7%         N/A       43%         4
 Ice Form                 Ice/Tmut       9%         N/A       56%         4
 Manifold Assault         Tloc           9%         N/A       56%         4
 Petrify                  Tmut/Erth      9%         N/A       56%         4
 Summon Ice Beast         Ice/Summ       9%         N/A       56%         4
 Metabolic Englaciation   Hex/Ice        6%         N/A       85%         5
 Blade Hands              Tmut           4%         N/A       89%         5
 Dispersal                Tloc           4%         N/A       100%        6
 Dragon Form              Tmut           4%         N/A       100%        7
 Discord                  Hex            7%         N/A       100%        8
 Disjunction              Tloc           4%         N/A       100%        8
 Simulacrum               Ice/Necr       Unusable   N/A       N/A         6

Dungeon Overview and Level Annotations

Branches:
Dungeon (10/15) Zot: 26752  Temple (1/1) D:7 Zot: 5922 Ossuary (visited)
   Lair: D:8-11         Orc: D:9-12

Altars:
Ashenzari
Cheibriados
Dithmenos
Elyvilon
Fedhas
Gozag
Kikubaaqudgha
Makhleb
Nemelex Xobeh
Okawaru
Qazlal
Sif Muna
Trog
Uskayaw
Vehumet
Wu Jian
Xom
Yredelemnul
Zin
The Shining One

Shops:
D:1 [   D:4 (   D:7 :   D:8 :

Annotations:
D:8 exclusion: downstairs
D:9 Sonja


Innate Abilities, Weirdness & Mutations

You cannot wear most types of armour.
You are amphibious.
You can wear up to eight rings at the same time.
Your skin changes colour to match your surroundings (Stealth+).
Your rubbery body absorbs attacks. (AC +1, EV +1)
((You are camouflaged when in or above water. (Stealth+)))
You have tentacles for arms and can constrict up to eight enemies at once.
You have a beak for a mouth.
One of your tentacles bears a nasty spike.
You occasionally lose the ability to read scrolls when taking damage.


Message History

The howler monkey hoots and howls with incredible vigour!
Sonja barely misses you. x2; Sonja closely misses you.
Your fulminant prism crackles loudly.
You hear a howl! x2
The searing ray misses Sonja.
You feel very sick. Sonja closely misses you. Sonja misses you. x2
Your fulminant prism explodes!
The blast of energy engulfs Sonja!
Sonja is heavily wounded.
The blast of energy engulfs the howler monkey!
The howler monkey is heavily wounded.
Sonja says, "I'm academy-trained, you know."
Sonja barely misses you.
Sonja hits you with a +2 short sword of venom.
You are more poisoned.
Sonja hits you with a +2 short sword of venom.
You are lethally poisoned!
You hear a bellow! x2; You hear a roar!
You hear a bellow!
Casting: Searing Ray (safe; 1% risk of failure)
Confirm with . or Enter, or press ? or * to list all spells.
Okay, then.
You feel better.
Sonja is no longer blind.
An acid dragon comes into view.
Sonja says, "If only old Madame Brzewit could see me now!"
Sonja hits you with a +2 short sword of venom!
You are poisoned.
Sonja hits you with a +2 short sword of venom.
Sonja closely misses you.
You feel very sick. Sonja misses you.
Sonja hits you with a +2 short sword of venom.
* * * LOW HITPOINT WARNING * * *
You are lethally poisoned!
Sonja hits you with a +2 short sword of venom!
* * * LOW HITPOINT WARNING * * *
You are more poisoned.
You climb upwards.
You die...
Your body crumbles into a pile of gold.

....#......#......#
....#......#......#
....#......#......#
....#.....##....).#
....#.....#.......#
....#.....#.......#
....#.....#.......##
....##'####........#
................@K.#
...................#
......####.........#
......#..#.....#####
......#..#.....#
.######..#.....#
.#.......##...##
.#........#...#
.#........#...#


You could see Sonja.

Vanquished Creatures
  A two-headed ogre (D:4)
  3 hornets
  Grinder (D:4)
  9 yaks
  2 wyverns
  2 water moccasins
  Duvessa (D:7)
  A sky beast (D:7)
  2 ice beasts
  An orc warrior (D:9)
  A centaur (D:8)
  A kobold brigand (D:7)
  2 bullfrogs
  3 elf zombies (Ossuary)
  A necrophage (D:5)
  2 scorpions (D:3)
  5 wights (D:7)
  Dowan (D:7)
  12 killer bees
  4 howler monkeys
  5 centaur zombies (Ossuary)
  A jelly (D:5)
  7 hounds
  9 orc priests
  4 gnoll boudas
  4 human zombies (Ossuary)
  5 iguanas
  5 orc wizards
  4 mummies
  Robin (D:3)
  10 adders
  22 gnolls
  2 shadow imps
  2 white imps
  2 worms
  3 dart slugs (D:2)
  32 orcs
  7 endoplasms
  2 giant cockroaches
  17 goblins
  9 hobgoblins
  8 jackals
  A quokka (D:5)
  9 ball pythons
  5 bats
  6 frilled lizards
  13 kobolds
  2 orc zombies (D:5)
  4 rats (D:1)
  A fulminant prism (Ossuary)
257 creatures vanquished.

Vanquished Creatures (others)
  63 fulminant prisms
63 creatures vanquished.

Grand Total: 320 creatures vanquished

Notes
Turn   | Place    | Note
-------+----------+-------------------------------------------
     0 | D:1      | holysushi the Octopode Conjurer began the quest for the
                  | Orb.
     0 | D:1      | Reached XP level 1. HP: 11/11 MP: 3/3
   211 | D:1      | Reached XP level 2. HP: 17/17 MP: 2/5
   553 | D:1      | Found Uduuduiz's Antique Armour Emporium.
   698 | D:1      | Reached XP level 3. HP: 21/21 MP: 5/7
   890 | D:1      | Learned a level 2 spell: Searing Ray
  1620 | D:2      | Reached XP level 4. HP: 23/27 MP: 1/9
  2565 | D:3      | Learned a level 3 spell: Dazzling Flash
  2570 | D:3      | Learned a level 4 spell: Fulminant Prism
  2585 | D:3      | Noticed a scorpion
  2620 | D:3      | Killed a scorpion
  2621 | D:3      | Reached skill level 5 in Conjurations
  2621 | D:3      | Reached XP level 5. HP: 17/31 MP: 2/11
  2990 | D:3      | Found a shimmering altar of Xom.
  3126 | D:3      | Reached XP level 6. HP: 31/36 MP: 1/12
  3280 | D:3      | Noticed Robin
  3290 | D:3      | Killed Robin
  3553 | D:3      | Reached skill level 1 in Fighting
  4366 | D:4      | Reached XP level 7. HP: 40/45 MP: 10/13
  4546 | D:4      | Found a glowing golden altar of the Shining One.
  4552 | D:4      | Noticed a two-headed ogre
  4557 | D:4      | Gained mutation: One of your tentacles bears a spike.
                  | [potion of mutation]
  4557 | D:4      | Gained mutation: One of your tentacles bears a nasty spike.
                  | [potion of mutation]
  4557 | D:4      | Gained mutation: You occasionally lose the ability to read
                  | scrolls when taking damage. [potion of mutation]
  4557 | D:4      | Gained mutation: You have a beak for a mouth. [potion of
                  | mutation]
  4561 | D:4      | Killed a two-headed ogre
  4562 | D:4      | Reached skill level 5 in Dodging
  4562 | D:4      | Reached XP level 8. HP: 13/50 MP: 14/14
  5148 | D:4      | Identified the +0 robe "Uwuocoess" {rC+ Int+3}
  5271 | D:4      | Noticed Grinder
  5606 | D:4      | Found Boimeod's Antique Weapon Emporium.
  5681 | D:4      | Killed Grinder
  6005 | D:5      | Entered Level 5 of the Dungeon
  6263 | D:5      | Reached XP level 9. HP: 18/54 MP: 4/15
  6321 | D:5      | Found a sand-covered staircase.
  6333 | Ossuary  | Entered an ossuary
  6900 | Ossuary  | Identified a scroll of acquirement
  6903 | Ossuary  | Acquired a +1 hat of intelligence
  7098 | Ossuary  | Reached skill level 1 in Hexes
  8975 | D:7      | Reached skill level 10 in Conjurations
  9060 | D:7      | Noticed Duvessa
  9061 | D:7      | Noticed Dowan
  9065 | D:7      | Killed Duvessa
  9069 | D:7      | Killed Dowan
  9293 | D:7      | Found Ruzxakke's Self-Improvement Boutique.
  9633 | D:7      | Reached skill level 5 in Spellcasting
  9633 | D:7      | Reached XP level 10. HP: 21/63 MP: 1/17
 10163 | D:7      | Found an ancient bone altar of Kikubaaqudgha.
 10211 | D:7      | Found a staircase to the Ecumenical Temple.
 10221 | Temple   | Entered the Ecumenical Temple
 10288 | Temple   | Became a worshipper of Gozag Ym Sagoz the Greedy
 10711 | D:7      | Found a staircase to the Ecumenical Temple.
 10810 | D:7      | Found an ancient bone altar of Kikubaaqudgha.
 11084 | D:7      | Found Ruzxakke's Self-Improvement Boutique.
 11326 | D:7      | Reached skill level 1 in Evocations
 11593 | D:8      | Paralysed by a hornet for 2 turns
 12551 | D:8      | Reached skill level 1 in Shields
 12595 | D:8      | Found Isigh's Book Emporium.
 14941 | D:9      | Found a hide-covered altar of Uskayaw.
 15063 | D:10     | Entered Level 10 of the Dungeon
 15088 | D:10     | Reached skill level 10 in Dodging
 15088 | D:10     | Reached XP level 11. HP: 57/69 MP: 1/21
 15304 | D:10     | Noticed Sonja
 15312 | D:9      | Succumbed to Sonja's poison

Illustrated notes

Levels and vault maps discovered:
D:1:      sevenhm_arrival_forest_fort_small_3, layout_basic, serial_shops,
          shop_statue, minmay_octomino_j4
D:2:      layout_basic, serial_park_tiny_2, grunt_ministairs_1
D:3:      kb_forest_paths, layout_basic, mainiacjoe_overflow_boulevard,
          minmay_hedge_maze, cheibrodos_gnoll_hut, uniq_robin
D:4:      layout_loops_ring, mainiacjoe_overflow_six_doors_small, serial_shops,
          nicolae_take_the_stairs, supply_closet_lemuel, uniq_grinder
D:5:      layout_loops_ring, nicolae_ossuary_entry_giza
D:6:      layout_basic
D:7:      layout_basic, marbit_many_paths, minmay_temple_entry_steel_oval,
          nicolae_shop_self_help, uniq_duvessa
D:8:      layout_basic, serial_shops, shop
D:9:      layout_irregular_city, eat_drink_and_be_merry_uskayaw,
          nicolae_figureground_pulse
D:10:     layout_rooms, nicolae_ru_great_annihilating_truth,
          mainiacjoe_overflow_catwalk, wad_rectangle_vault, uniq_grum,
          uniq_sonja
Temple:   nicolae_temple_x_marks_the_god

Skill      XL: |  1  2  3  4  5  6  7  8  9 10 11 |
---------------+----------------------------------+-----
Spellcasting   | 3 4 5 7 |  7.1
Conjurations   | 5 6 7 10 | 10.1
Fighting       | 2 3 4 |  4.0
Dodging        | 3 7 8 10 | 10.0
Hexes          | 1 |  1.0
Evocations     | 3 |  3.0
Shields        | 3 |  3.0
Stealth        | 3 4 |  4.1

Action                     |  1- 3 |  4- 6 |  7- 9 | 10-12 || total
---------------------------+-------+-------+-------+-------++-------
  Melee: Unarmed           |     4 |    15 |       |       ||    19
         Tentacles         |     2 |     1 |    20 |    14 ||    37
         Constrict         |     1 |     1 |    12 |     6 ||    20
         Quarterstaff      |       |     2 |    44 |       ||    46
         Kick              |       |       |    17 |    23 ||    40
         Punch             |       |       |     2 |     1 ||     3
         Peck              |       |       |    13 |    16 ||    29
         Short sword       |       |       |    10 |    64 ||    74
   Cast: Magic Dart        |    71 |    55 |    76 |    34 ||   236
         Searing Ray       |     2 |    24 |    63 |    31 ||   120
         Dazzling Flash    |       |     1 |       |     1 ||     2
         Fulminant Prism   |       |       |    13 |    51 ||    64
  Evoke: Wand              |       |       |     2 |     2 ||     4
    Use: Scroll            |       |     6 |     8 |     5 ||    19
         Potion            |       |     1 |     5 |     5 ||    11
   Stab: Sleeping          |       |       |     1 |       ||     1
 Armour: Skin              |       |    32 |    12 |     6 ||    50
  Dodge: Dodged            |     6 |    22 |    87 |    77 ||   192
  Block: Buckler           |       |       |       |     6 ||     6

Table legend: (Time is in decaauts)
 A = Elapsed time spent in this place.
 B = Non-inter-level travel time spent in this place.
 C = Inter-level travel time spent in this place.
 D = Time resting spent in this place.
 E = Time spent auto-exploring this place.
 F = Levels seen in this place.
 G = Mean time per level.
                   A        B        C        D        E       F      G
               +--------+--------+--------+--------+--------+-----+--------+
         Total |  15247 |  14682 |    565 |   6134 |   6050 |  12 | 1270.6 |
       Dungeon |  14257 |  13692 |    565 |   5486 |   5970 |  10 | 1425.7 |
        Temple |     77 |     77 |      0 |      0 |     46 |   1 |   77.0 |
       Ossuary |    912 |    912 |      0 |    648 |     34 |   1 |  912.0 |
               +--------+--------+--------+--------+--------+-----+--------+

Top non-repeatable levels by time:
     D:8: 2559 daAuts
     D:7: 2264 daAuts
     D:3: 1803 daAuts
     D:4: 1616 daAuts
     D:2: 1328 daAuts
     D:9: 1324 daAuts
     D:1: 1250 daAuts
     D:6: 1043 daAuts
     D:5: 1021 daAuts
 Ossuary: 912 daAuts
  Temple: 77 daAuts
    D:10: 45 daAuts
